 Dungeon Crawl Stone Soup version 0.22-a0-388-g09e6169 (webtiles) character file.

32 Kairos the Shield-Bearer (level 3, 19/19 HPs)
             Began as a Vine Stalker Fighter on Apr 29, 2018.
             Quit the game on level 1 of the Dungeon.
             The game lasted 00:01:34 (852 turns).

Kairos the Shield-Bearer (Vine Stalker Fighter)      Turns: 852, Time: 00:01:35

Health: 19/19      AC:  6    Str: 19    XL:     3   Next: 25%
Magic:  4/4        EV:  7    Int:  8    God:
Gold:   41         SH:  9    Dex: 13    Spells: 2/2 levels left

rFire    + . .     SeeInvis .   a - +0 war axe
rCold    + . .     Gourm    .   c - +0 shield
rNeg     . . .     Faith    .   b - +0 scale mail
rPois    +         Spirit   +   (no helmet)
rElec    +         Reflect  .   (no cloak)
rCorr    +         Harm     .   (no gloves)
MR       .....                  (no boots)
Stlth    ..........             (no amulet)
HPRegen  0.06/turn              (no ring)
MPRegen  0.09/turn              (no ring)

@: resistant, very slightly contaminated
A: fangs 2, magic shield, antimagic bite, no potion heal 3, rot immunity
a: no special abilities


You were on level 1 of the Dungeon.
You were not hungry.

You visited 1 branch of the dungeon, and saw 1 of its levels.

You collected 41 gold pieces.

Inventory:

Hand Weapons
 a - a +0 war axe (weapon)
Armour
 b - a +0 scale mail (worn)
 c - a +0 shield (worn)
Scrolls
 k - a scroll of magic mapping
Potions
 d - 2 potions of might
Comestibles
 f - 3 rations


   Skills:
 + Level 2.9 Fighting
 + Level 2.2 Axes
 + Level 2.7 Armour
 + Level 3.0 Shields


You had 2 spell levels left.
You didn't know any spells.

Dungeon Overview and Level Annotations

Branches:
Dungeon (1/15)

Altars:


Innate Abilities, Weirdness & Mutations

You have extremely sharp teeth.
When hurt, damage is shared between your health and your magic reserves.
Your bite disrupts and absorbs the magic of your enemies.
Potions cannot restore your health.
You are immune to rotting.


Message History

Done exploring.
No target in view!
Done exploring.
No target in view!
Done exploring.
Done exploring.
As you read the scroll labeled UGYMYK WUIDYPT, it crumbles to dust.
You feel blessed for a moment.
It was a scroll of remove curse.
Blink to where?
Press: ? - help, Dir - move target cursor You are very lightly contaminated with residual magic.
As you read the scroll labeled KIGGAF DALUC, it crumbles to dust.
It was a scroll of blinking.
As you read the scroll labeled DASCHIE JIUW, it crumbles to dust.
It is a scroll of identify.
k - a scroll of magic mapping It was a potion of resistance.
You feel protected.
It was a potion of magic.
Magic courses through your body.
Are you sure you want to abandon this character and quit the game? (Confirm with "yes".)

#..######...#.#...........
#.............#...........
#.########..###...........
#.# #....#.########.. #.#
##.#.#.# #.. #.# #.#.#.#
#.. #.# #...#.# #..
#.#############.# #[.
#........@...(..# ###
#################


There were no monsters in sight!

Vanquished Creatures
  2 leopard geckos (D:1)
  A ball python (D:1)
  3 giant cockroaches (D:1)
  2 goblins (D:1)
  3 hobgoblins (D:1)
  7 bats (D:1)
  5 kobolds (D:1)
  6 rats (D:1)
29 creatures vanquished.

Notes
Turn   | Place    | Note
-------+----------+-------------------------------------------
     0 | D:1      | Kairos the Vine Stalker Fighter began the quest for the Orb.
     0 | D:1      | Reached XP level 1. HP: 11/11 MP: 2/2
    75 | D:1      | Reached XP level 2. HP: 13/16 MP: 3/3
   376 | D:1      | Reached skill level 3 in Shields
   520 | D:1      | Reached XP level 3. HP: 17/19 MP: 4/4
   852 | D:1      | Quit the game

Vault maps used:
D:1:      lightli_arrival_flooded_house, minmay_crystal_room, minivault_25,
          minmay_pentomino_v2

Skill      XL: |  1  2 |
---------------+-------+-----
Axes           | 2 |  2.2
Shields        | 3 |  3.0
Fighting       | |  2.9
Armour         | |  2.7

Action                   || total
-------------------------++-------
Melee: War axe           ||    63
       Bite              ||    13
  Use: Scroll            ||     3
       Potion            ||     2
Armor: Scale mail        ||    30
Dodge: Dodged            ||    18
Block: Shield            ||    32

Table legend:
 A = Spawn XP
 B = Non-spawn XP
 C = Spawn XP percentage of total XP
 D = Spawn monster count
 E = Non-spawn monster count
 F = Spawn count percentage of total count
 G = Total turns spent on level
                    A         B        C        D         E        F      G
               +---------+---------+-------+---------+---------+-------+---------
         Total |       0 |      46 |   0.0 |       0 |      29 |   0.0 |   852
               +---------+---------+-------+---------+---------+-------+---------
           D:1 |       0 |      46 |   0.0 |       0 |      29 |   0.0 |   852
               +---------+---------+-------+---------+---------+-------+---------
